 Dungeon Crawl Stone Soup version 0.21-a0-529-g8c7b3f5 (webtiles) character file.

86 tof the Skirmisher (level 4, -1/49 HPs)
             Began as an Ogre Berserker on Dec 9, 2017.
             Was a Follower of Trog.
             Slain by an orc wizard
             ... wielding a cursed -2 dagger
              (5 damage)
             ... on level 3 of the Dungeon.
             The game lasted 00:02:18 (2617 turns).

tof the Skirmisher (Ogre Berserker)                 Turns: 2617, Time: 00:02:19

Health: -1/49      AC:  3    Str: 21    XL:     4   Next: 50%
Magic:  4/4        EV: 10    Int:  8    God:    Trog [*.....]
Gold:   150        SH:  0    Dex:  9    Spells: 3/3 levels left

rFire    . . .     SeeInvis .   a - +0 mace
rCold    . . .     Gourm    .   (no shield)
rNeg     . . .     Faith    .   b - +0 animal skin
rPois    .         Spirit   .   (helmet restricted)
rElec    .         Reflect  .   (no cloak)
rCorr    .         Harm     .   (gloves unavailable)
MR       .....                  (boots unavailable)
Stlth    +.........             (no amulet)
HPRegen  0.16/turn              (no ring)
MPRegen  0.09/turn              (no ring)

@: confused, berserk cooldown, starving, slowed, very slow
A: large, unfitting armour, tough skin 1
a: Berserk, Burn Spellbooks, Renounce Religion


You were on level 3 of the Dungeon.
You worshipped Trog.
Trog was aware of your devotion.
You were starving.

You visited 1 branch of the dungeon, and saw 3 of its levels.

You collected 150 gold pieces.

Inventory:

Hand Weapons
 a - a +0 mace (weapon)
Missiles
 k - 39 stones (quivered)
Armour
 b - a +0 animal skin (worn)
Wands
 m - a wand of polymorph (12)
Scrolls
 g - 2 scrolls of fear {unknown}
 j - a scroll of random uselessness {unknown}
 l - a scroll of identify {unknown}
Potions
 d - 2 potions of lignification {unknown}
 e - a potion of agility {unknown}
 h - a potion of mutation {unknown}
 n - 4 potions of degeneration {unknown}
 o - a potion of brilliance {unknown}
Comestibles
 c - 2 bread rations
 f - a royal jelly
 i - 10 fruits
 p - a meat ration


   Skills:
 + Level 4.5 Fighting
 * Level 3.5 Maces & Flails
 + Level 1.3 Throwing
 + Level 1.0 Armour
 + Level 3.1 Dodging


You had 3 spell levels left.
You didn't know any spells.

Dungeon Overview and Level Annotations

Branches:
Dungeon (3/15)

Altars:
Okawaru
Yredelemnul


Innate Abilities, Weirdness & Mutations

You are too large for most types of armour.
You have tough skin. (AC +1)


Message History

You feel a strong urge to attack something.
The orc priest mumbles some strange prayers to Beogh against you.
Pain shoots through your body!
* * * LOW HITPOINT WARNING * * *
The orc hits you with a short sword.
* * * LOW HITPOINT WARNING * * *
You miss something. Something hits you.
* * * LOW HITPOINT WARNING * * *
The orc priest barely misses you. The orc hits you but does no damage.
You miss something. Something hits you but does no damage.
The orc barely misses you. The orc priest barely misses you.
You barely miss something. Something hits you.
* * * LOW HITPOINT WARNING * * *
You completely miss something.
You are no longer berserk.
You are exhausted.
You feel yourself slow down. The orc barely misses you.
The orc priest calls down the wrath of Beogh upon you.
You barely resist. Something hits you.
You die...

# ##. ###
.... ..#
o....####.#
.......รท{.#
.......o@<#
....####)o#
... #..# .
#..# #...
..#..
##...##
..... #####.


You could see an orc priest and an orc.

Vanquished Creatures
  An orc priest (D:3)
  2 adders (D:2)
  A worm (D:2)
  4 dart slugs (D:2)
  2 leopard geckos
  3 bats
  A giant cockroach (D:1)
  4 goblins
  A hobgoblin (D:2)
  2 jackals (D:1)
  2 frilled lizards (D:2)
  2 kobolds
  3 rats (D:1)
28 creatures vanquished.

Notes
Turn   | Place    | Note
-------+----------+-------------------------------------------
     0 | D:1      | tof the Ogre Berserker began the quest for the Orb.
     0 | D:1      | Reached XP level 1. HP: 24/24 MP: 1/1
   343 | D:1      | Reached XP level 2. HP: 30/32 MP: 2/2
  1038 | D:2      | Reached XP level 3. HP: 35/39 MP: 3/3
  1620 | D:2      | Reached skill level 1 in Throwing
  1935 | D:2      | Found a basalt altar of Yredelemnul.
  1936 | D:2      | Found an iron altar of Okawaru.
  2415 | D:2      | Reached XP level 4. HP: 20/49 MP: 4/4
  2611 | D:3      | Reached skill level 1 in Armour
  2617 | D:3      | Slain by an orc wizard

Vault maps used:
D:1:      mrwooster_arrival_arrow
D:2:      minmay_door_path, nicolae_overflow_hidden_temple
D:3:      serial_bayou_pond_b, uniq_sigmund

Skill      XL: |  1  2  3  4 |
---------------+-------------+-----
Maces & Flails | 3 |  3.5
Dodging        | 3 |  3.1
Throwing       | 1 |  1.3
Armour         | 1 |  1.0
Fighting       | |  4.5

Action                   |  1- 3 |  4- 6 || total
-------------------------+-------+-------++-------
Melee: Mace              |    90 |    15 ||   105
Throw: Stone             |    14 |     2 ||    16
Invok: Berserk           |       |     1 ||     1
 Stab: Sleeping          |     1 |       ||     1
  Eat: Chunk             |     4 |       ||     4
Armor: Animal skin       |    34 |     2 ||    36
Dodge: Dodged            |    58 |    10 ||    68

Table legend:
 A = Spawn XP
 B = Non-spawn XP
 C = Spawn XP percentage of total XP
 D = Spawn monster count
 E = Non-spawn monster count
 F = Spawn count percentage of total count
 G = Total turns spent on level
                    A         B        C        D         E        F      G
               +---------+---------+-------+---------+---------+-------+---------
         Total |       0 |     124 |   0.0 |       0 |      28 |   0.0 |  2617
               +---------+---------+-------+---------+---------+-------+---------
           D:1 |       0 |      14 |   0.0 |       0 |       9 |   0.0 |   790
           D:2 |       0 |      66 |   0.0 |       0 |      17 |   0.0 |  1789
           D:3 |       0 |      44 |   0.0 |       0 |       2 |   0.0 |    38
               +---------+---------+-------+---------+---------+-------+---------
